 Dungeon Crawl Stone Soup version 0.21-a0-286-g6fcecc0 (webtiles) character file.

60 tidbits the Grave Robber (level 3, 0/26 HPs)
             Began as a Draconian Necromancer on Sept 27, 2017.
             Was a Believer of Uskayaw.
             Slain by an ogre
             ... wielding a +0 giant club
              (5 damage)
             ... on level 2 of the Dungeon.
             The game lasted 00:08:27 (1537 turns).

tidbits the Grave Robber (Draconian Necromancer)    Turns: 1537, Time: 00:08:27

Health: 0/26       AC:  6    Str: 10    XL:     3   Next: 80%
Magic:  0/7        EV: 12    Int: 16    God:    Uskayaw [**....]
Gold:   58         SH:  0    Dex: 11    Spells: 0/8 levels left

rFire    . . .     SeeInvis .   a - book of Necromancy
rCold    . . .     Gourm    .   (no shield)
rNeg     . . .     Faith    .   (armour unavailable)
rPois    .         Spirit   .   (helmet restricted)
rElec    .         Reflect  .   C - +0 cloak {+Inv}
rCorr    .         Harm     .   (no gloves)
MR       .....                  (no boots)
Stlth    ++........             (no amulet)
HPRegen  0.08/turn              (no ring)
MPRegen  0.10/turn              (no ring)

@: no status effects
A: unfitting armour, cold-blooded, AC +5
a: Stomp, Line Pass, Renounce Religion, Evoke Invisibility


You were on level 2 of the Dungeon.
You worshipped Uskayaw.
Uskayaw was noncommittal.
You were not hungry.

You visited 1 branch of the dungeon, and saw 3 of its levels.

You collected 58 gold pieces.

Inventory:

Hand Weapons
 d - a +0 club
 e - a +0 dagger
Armour
 C - a +0 cloak of invisibility (worn)
   (You found it on level 1 of the Dungeon)
Wands
 i - a wand of digging (13/24)
Scrolls
 k - a scroll of noise {unknown}
 l - a scroll of teleportation {unknown}
Potions
 c - 2 potions of might
 g - a potion of flight
Books
 a - a book of Necromancy (in hand)

   Spells                             Type                      Level
   a - Pain                           Necromancy                   1
   b - Animate Skeleton               Necromancy                   1
   c - Vampiric Draining              Necromancy                   3
   d - Regeneration                   Charms/Necromancy            3
   e - Animate Dead                   Necromancy                   4
   f - Control Undead                 Necromancy                   4
Comestibles
 b - a bread ration
 h - a royal jelly
 j - 2 meat rations


   Skills:
 - Level 1.7 Dodging
 - Level 1.7 Stealth
 + Level 3.0 Spellcasting
 * Level 4.8 Necromancy


You couldn't memorise any spells.
You knew the following spells:

 Your Spells              Type           Power        Failure   Level  Hunger
a - Pain                  Necr           ###.         2%          1    #......
n - Animate Skeleton      Necr           N/A          2%          1    #......
r - Regeneration          Chrm/Necr      ##........   21%         3    ###....
v - Vampiric Draining     Necr           ###.......   8%          3    ###....


Dungeon Overview and Level Annotations

Branches:
Dungeon (3/15)

Altars:
Gozag
Nemelex Xobeh
Uskayaw
Wu Jian
Yredelemnul


Innate Abilities, Weirdness & Mutations

Your plain brown scales are hard. (AC +5)
You cannot fit into any form of body armour.
You are cold-blooded and may be slowed by cold attacks.


Message History

g - Guard the area. f - Follow me.
Anything else - Cancel.
Gang up on whom?
Press: ? - help, Dir - move target cursor, f - ogre
Aim: an ogre, wielding a giant club Attack!
Your adder skeleton bites the ogre.
The ogre hits your adder skeleton with a giant club!
Your adder skeleton is destroyed!
Evoke which item? (* to show all) (? for menu, Esc to quit)
Okay, then.
There is a stone staircase leading up here.
You climb upwards.
There is a stone staircase leading down here.
You see here a club.
There is a stone staircase leading down here.
You are feeling hungry.
You climb downwards.
There is a stone staircase leading up here.
There is a stone staircase leading up here.
A giant cockroach comes into view.
A giant cockroach is nearby!
Casting: Animate Skeleton
Confirm with . or Enter, or press ? or * to list all spells.
Aiming: Pain
Press: ? - help, Shift-Dir - straight line, f - giant cockroach
Aim: a giant cockroach (chance to defeat MR: 87%)
The giant cockroach writhes in agony!
Casting: Pain
Confirm with . or Enter, or press ? or * to list all spells.
Aiming: Pain
Press: ? - help, Shift-Dir - straight line, f/p - giant cockroach
Aim: a giant cockroach (severely wounded, clinging, chance to defeat MR: 87%)
The giant cockroach barely resists.
Casting: Pain
Confirm with . or Enter, or press ? or * to list all spells.
Aiming: Pain
Press: ? - help, Shift-Dir - straight line, f/p - giant cockroach
Aim: a giant cockroach (severely wounded, clinging, chance to defeat MR: 87%)
The giant cockroach writhes in agony!
You kill the giant cockroach!
You swing at nothing.
You swing at nothing.
You swing at nothing.
You swing at nothing.
You swing at nothing.
You swing at nothing.
You swing at nothing.
You swing at nothing.
You swing at nothing.
You swing at nothing.
You swing at nothing.
You swing at nothing.
Some of the chunks of flesh in your inventory have rotted away.
Eat a chunk of flesh? (ye/n/q)
You eat the chunk of flesh.
This raw flesh tastes terrible.
Magic restored.
There is an escape hatch in the floor here.
Casting: Pain
Confirm with . or Enter, or press ? or * to list all spells.
Aiming: Pain
Press: ? - help, Shift-Dir - straight line, f - ogre
Aim: an ogre, wielding a giant club (hasn't noticed you, chance to defeat MR: 76%)
The ogre shouts!
The ogre writhes in agony!
Casting: Pain
Confirm with . or Enter, or press ? or * to list all spells.
Aiming: Pain
Press: ? - help, Shift-Dir - straight line, f/p - ogre
Aim: an ogre, wielding a giant club (lightly wounded, chance to defeat MR: 76%)
The ogre writhes in agony!
Casting: Pain
Confirm with . or Enter, or press ? or * to list all spells.
Aiming: Pain
Press: ? - help, Shift-Dir - straight line, f/p - ogre
Aim: an ogre, wielding a giant club (moderately wounded, chance to defeat MR: 76%)
The ogre barely resists.
Casting: Pain
Confirm with . or Enter, or press ? or * to list all spells.
Aiming: Pain
Press: ? - help, Shift-Dir - straight line, f/p - ogre
Aim: an ogre, wielding a giant club (moderately wounded, chance to defeat MR: 76%)
The ogre writhes in agony!
You can now pass through a line of other dancers.
Casting: Pain
Confirm with . or Enter, or press ? or * to list all spells.
Aiming: Vampiric Draining
Press: ? - help, Shift-Dir - straight line, f/p - ogre
Aim: an ogre, wielding a giant club (heavily wounded)
The ogre is severely wounded.
You feel life coursing into your body. The ogre hits you with a giant club!!
Ouch! That really hurt!
* * * LOW HITPOINT WARNING * * *
There is an escape hatch in the floor here.
Casting: Vampiric Draining
Confirm with . or Enter, or press ? or * to list all spells.
Aiming: Pain
Press: ? - help, Shift-Dir - straight line, f/p - ogre
Aim: an ogre, wielding a giant club (severely wounded, chance to defeat MR: 76%)
The ogre writhes in agony!
The ogre hits you with a giant club.
You die...

.# ..#. .# #.. .# #.# .# ##+# #.#
.# ##...## #.# .###.....## #.###
### .##.......## #.#.## ##.##
##.........###.O..###########...#
.+.........'....@................
##.........##.#....##########...#
# #.......###....#.# ##.## #
##.....## ######.# ###.## #
##...## #.# #..... # ##'## #.#
#.#.## # #.# #.# #.#.# #.# #.#
#>#.## ## ##.## #.# #.#...


You could see an ogre.

Vanquished Creatures
  An adder (D:2)
  2 oozes
  A worm (D:2)
  A dart slug (D:1)
  A leopard gecko (D:1)
  3 bats
  6 giant cockroaches
  7 goblins
  3 hobgoblins
  2 frilled lizards (D:2)
  A kobold (D:2)
  7 rats
35 creatures vanquished.

Notes
Turn   | Place    | Note
-------+----------+-------------------------------------------
     0 | D:1      | tidbits the Draconian Necromancer began the quest for the Orb.
     0 | D:1      | Reached XP level 1. HP: 14/14 MP: 3/3
   207 | D:1      | Reached XP level 2. HP: 19/20 MP: 1/5
   887 | D:2      | Reached XP level 3. HP: 24/26 MP: 4/7
   954 | D:2      | Learned a level 3 spell: Vampiric Draining
   958 | D:2      | Learned a level 3 spell: Regeneration
  1009 | D:2      | Found an ornate altar of the Wu Jian Council.
  1012 | D:2      | Found a hide-covered altar of Uskayaw.
  1012 | D:2      | Found a sparkling altar of Nemelex Xobeh.
  1021 | D:2      | Found an opulent altar of Gozag.
  1021 | D:2      | Found a basalt altar of Yredelemnul.
  1037 | D:2      | Became a worshipper of Uskayaw the Reveler
  1105 | D:2      | Reached * piety under Uskayaw
  1208 | D:2      | Noticed an ogre
  1290 | D:1      | Reached skill level 3 in Spellcasting
  1290 | D:1      | Reached ** piety under Uskayaw
  1296 | D:1      | Learned a level 1 spell: Animate Skeleton
  1442 | D:2      | Noticed an ogre
  1537 | D:2      | Slain by an ogre

Vault maps used:
D:1:      lemuel_arrival_hallway, serial_forest, infiniplex_forest_straight_3,
          infiniplex_forest_lined_4_way, infiniplex_forest_clump_diagonal,
          infiniplex_forest_straight_3, infiniplex_forest_clump_tiny,
          infiniplex_forest_clump_diagonal, infiniplex_forest_diagonal
D:2:      minmay_overflow_temple_star_hex
D:3:      first_bread

Skill      XL: |  1  2  3 |
---------------+----------+-----
Spellcasting   | 3 |  3.0
Dodging        | |  1.7
Stealth        | |  1.7
Necromancy     | |  4.8

Action                   || total
-------------------------++-------
Melee: Tailslap          ||     3
       Unarmed           ||     1
       Dagger            ||    13
 Cast: Pain              ||    86
       Animate Skeleton  ||     2
       Regeneration      ||     2
       Vampiric Draining ||     1
  Use: Scroll            ||     2
       Potion            ||     1
  Eat: Chunk             ||     5
Armor: Skin              ||    24
Dodge: Dodged            ||    41

Table legend:
 A = Spawn XP
 B = Non-spawn XP
 C = Spawn XP percentage of total XP
 D = Spawn monster count
 E = Non-spawn monster count
 F = Spawn count percentage of total count
 G = Total turns spent on level
                    A         B        C        D         E        F      G
               +---------+---------+-------+---------+---------+-------+---------
         Total |       0 |      86 |   0.0 |       0 |      35 |   0.0 |  1537
               +---------+---------+-------+---------+---------+-------+---------
           D:1 |       0 |      35 |   0.0 |       0 |      15 |   0.0 |   821
           D:2 |       0 |      51 |   0.0 |       0 |      20 |   0.0 |   691
               +---------+---------+-------+---------+---------+-------+---------

Table legend:
 A = Turns spent in this place as a percentage of turns spent in the entire game.
 B = Non-inter-level travel turns spent in this place as a percentage of non-inter-level travel turns spent in the entire game.
 C = Inter-level travel turns spent in this place as a percentage of turns spent in this place.
 D = Turns resting spent in this place as a percentage of non-inter-level travel turns spent in this place.
 E = Turns spent auto-exploring this place as a percentage of non-inter-level travel turns spent in this place.
 F = Non-inter-level travel turns spent in this place divided by the number of levels of this place that you've seen.
                   A       B       C       D       E      F
               +-------+-------+-------+-------+-------+----------------------
         Total | 100.0 | 100.0 |   3.4 |   0.0 |   0.0 | 495.0
       Dungeon | 100.0 | 100.0 |   3.4 |   0.0 |   0.0 | 495.0
               +-------+-------+-------+-------+-------+----------------------

Table legend:
 A = Kills in this place as a percentage of kills in entire the game.
 B = Kills by you in this place as a percentage of kills by you in the entire game.
 C = Kills by friends in this place as a percentage of kills by friends in the entire game.
 D = Other kills in this place as a percentage of other kills in the entire game.
 E = Experience gained in this place as a percentage of experience gained in the entire game.
 F = Experience gained in this place divided by the number of levels of this place that you have seen.
                   A       B       C       D       E      F
               +-------+-------+-------+-------+-------+----------------------
         Total | 100.0 | 100.0 |   N/A |   N/A | 100.0 |  28.7
       Dungeon | 100.0 | 100.0 |   N/A |   N/A | 100.0 |  28.7
               +-------+-------+-------+-------+-------+----------------------

Vault maps used:
D:1:      lemuel_arrival_hallway, serial_forest, infiniplex_forest_straight_3,
          infiniplex_forest_lined_4_way, infiniplex_forest_clump_diagonal,
          infiniplex_forest_straight_3, infiniplex_forest_clump_tiny,
          infiniplex_forest_clump_diagonal, infiniplex_forest_diagonal
D:2:      minmay_overflow_temple_star_hex
D:3:      first_bread
